 Dungeon Crawl Stone Soup version 0.30-a0-757-ga6a79fd877 (webtiles) character file.

Game seed: 3492930660549154117

63 IdlyInterested the Cudgeller (level 3, 0/40 HPs)
             Began as a Demonspawn Gladiator on Feb 9, 2023.
             Slain by a gnoll
             ... wielding a +0 halberd
              (5 damage)
             ... on level 2 of the Dungeon.
             The game lasted 00:04:03 (993 turns).

IdlyInterested the Cudgeller (Demonspawn Gladiator)  Turns: 993, Time: 00:04:04

Health: 0/40       AC: 21    Str: 16    XL:     3   Next: 87%
Magic:  3/3        EV:  2    Int:  9    God:
Gold:   13         SH:  0    Dex: 14    Spells: 2/2 levels left

rFire   . . .      SeeInvis .    (no weapon)
rCold   . . .      Faith    .    (no shield)
rNeg    . . .      Spirit   .    (body armour currently unavailable)
rPois   +          Reflect  .    (helmet currently unavailable)
rElec   .          Harm     .    (cloak currently unavailable)
rCorr   .          Rampage  .    (gloves currently unavailable)
Will    .....      NoTele   +    (boots currently unavailable)
Stlth   +                        (no amulet)
HPRegen 0.26/turn                (no ring)
MPRegen 0.08/turn                (no ring)

@: tree-form
A: stationary, stasis, torment immunity, boosted hp, (sanguine armour 1)
a: no special abilities


You were on level 2 of the Dungeon.
You were a tree.
You visited 1 branch of the dungeon, and saw 2 of its levels.

You collected 35 gold pieces.
You spent 22 gold pieces at shops.

Inventory:

Hand Weapons
 a - a +0 flail
 q - a +0 whip of flaming
Missiles
 d - 3 throwing nets
 e - a javelin
 k - 20 stones (quivered)
Armour
 c - a +0 helmet (melded)
 m - a +0 ring mail (melded)
 s - a +0 pair of gloves (melded)
Scrolls
 f - a scroll of magic mapping {unknown}
 h - 5 scrolls of identify {unknown}
 j - 2 scrolls of brand weapon {unknown}
 n - a scroll of amnesia {unknown}
 p - a scroll of silence {unknown}
Potions
 g - a potion of lignification
 i - a potion of ambrosia {unknown}
 o - 2 potions of degeneration {unknown}
 r - a potion of mutation {unknown}


   Skills:
 - Level 2.0 Fighting
 * Level 4.0 Maces & Flails
 - Level 1.7 Throwing
 - Level 1.0 Armour
 - Level 2.6 Dodging
 + Level 0.2 Stealth
 - Level 1.0 Evocations


You had 2 spell levels left.
You didn't know any spells.
Your spell library was empty.

Dungeon Overview and Level Annotations

Branches:
Dungeon (2/15)

Altars:

Shops:
D:1 *


Innate Abilities, Weirdness & Mutations

You are a tree.
Your roots penetrate the ground, keeping you stationary.
You cannot be teleported.
You are immune to unholy pain and torment.
Your maximum health is greatly increased.
Your equipment is partially melded.
((When seriously injured, your blood forms armour. (AC +0)))


Message History

You feel better.
The gnoll hits you but does no damage. x2
You smack the gnoll!
You kill the gnoll!
The gnoll barely misses you.
Training target 1.0 for Evocations reached!
Your Evocations skill increases to level 1!
You smack the gnoll!
The gnoll is severely wounded.
The gnoll hits you with a +0 spear.
* * * LOW HITPOINT WARNING * * *
The gnoll hits you but does no damage.
You hit the gnoll.
You kill the gnoll!
The gnoll hits you from afar with a +0 halberd.
* * * LOW HITPOINT WARNING * * *
Your Maces & Flails skill increases to level 4!
Throw: 24 stones
Press: ? - help, Shift-Dir - straight line, f - gnoll
Aim: a gnoll, wielding a +0 halberd (heavily wounded, 63% to hit)
You throw a stone.
The stone hits the gnoll but does no damage.
The gnoll is heavily wounded.
The gnoll hits you but does no damage.
Throw: 23 stones
Press: ? - help, Shift-Dir - straight line, f/p - gnoll
Aim: a gnoll, wielding a +0 halberd (heavily wounded, 63% to hit)
You throw a stone. The stone barely misses the gnoll.
The gnoll barely misses you.
Throw: 22 stones
Press: ? - help, Shift-Dir - straight line, f/p - gnoll
Aim: a gnoll, wielding a +0 halberd (heavily wounded, 63% to hit)
You throw a stone. The stone barely misses the gnoll.
The gnoll hits you but does no damage.
Throw: 21 stones
Press: ? - help, Shift-Dir - straight line, f/p - gnoll
Aim: a gnoll, wielding a +0 halberd (heavily wounded, 63% to hit)
You throw a stone. The stone hits the gnoll.
The gnoll is heavily wounded.
The gnoll hits you from afar with a +0 halberd.
You die...

#.....# ##.....#####.... ##
#.#.....#.......###
.#########..+.....'.......'...
........#...##....#.......##.#.
............##....#...........
#............###.g#.........#....
#.......[....####)#.........#....
#.#+#+#......+..♣.>.........#....
#.. ........#............###+#..
#.#..........#.........†##.....#.
#####.#......#.........#.........
...................#.........
.......#.......##...#.........
#.......#.......######.......#.
#.......# ###.....## #.....#


You could see a gnoll.

Vanquished Creatures
  2 gnolls (D:2)
  An adder (D:2)
  4 endoplasms
  A giant cockroach (D:1)
  2 goblins (D:1)
  4 hobgoblins (D:1)
  4 jackals (D:2)
  4 ball pythons (D:1)
  6 bats (D:1)
  A frilled lizard (D:1)
  2 kobolds
  A rat (D:1)
32 creatures vanquished.

Vanquished Creatures (others)
  4 toadstools (D:2)
4 creatures vanquished.

Grand Total: 36 creatures vanquished

Notes
Turn   | Place    | Note
-------+----------+-------------------------------------------
     0 | D:1      | IdlyInterested the Demonspawn Gladiator began the quest for
                  | the Orb.
     0 | D:1      | Reached XP level 1. HP: 16/16 MP: 1/1
    70 | D:1      | Found Soedy's Assorted Antiques.
   125 | D:1      | Reached skill level 3 in Maces & Flails
   164 | D:1      | Gained mutation: When seriously injured, your blood forms
                  | armour. (AC +0) [demonic ancestry]
   164 | D:1      | Reached XP level 2. HP: 22/22 MP: 2/2
   400 | D:1      | Reached skill level 1 in Armour
   680 | D:1      | Bought a black potion for 22 gold pieces
   798 | D:2      | Reached XP level 3. HP: 22/27 MP: 3/3
   988 | D:2      | Reached skill level 1 in Evocations
   990 | D:2      | Reached skill level 4 in Maces & Flails
   993 | D:2      | Slain by a gnoll

Illustrated notes

Levels and vault maps discovered:
D:1:      saegor_arrival_under_anarchy, layout_rooms, serial_shops,
          nicolae_shop_advertising_works [nicolae_subvault_shop_adworks]
D:2:      layout_basic, minmay_gold_behind_fungi, kennysheep_cluttered_room

Skill      XL: |  1  2  3 |
---------------+----------+-----
Maces & Flails | 3 4 |  4.0
Armour         | 1 |  1.0
Evocations     | 1 |  1.0
Fighting       | |  2.0
Throwing       | |  1.7
Dodging        | |  2.6
Stealth        | |  0.2

Action                     || total
---------------------------++-------
  Melee: Flail             ||    94
         Whip              ||     9
         Unarmed           ||     7
  Throw: Stone             ||     8
    Use: Potion            ||     3
   Stab: Distracted        ||     1
 Armour: Leather armour    ||    21
         Ring mail         ||    37
         Skin              ||     9
  Dodge: Dodged            ||    85

Table legend: (Time is in decaauts)
 A = Elapsed time spent in this place.
 B = Non-inter-level travel time spent in this place.
 C = Inter-level travel time spent in this place.
 D = Time resting spent in this place.
 E = Time spent auto-exploring this place.
 F = Levels seen in this place.
 G = Mean time per level.
                   A        B        C        D        E       F      G
               +--------+--------+--------+--------+--------+-----+--------+
         Total |   1014 |    861 |    153 |    128 |    344 |   2 |  507.0 |
       Dungeon |   1014 |    861 |    153 |    128 |    344 |   2 |  507.0 |
               +--------+--------+--------+--------+--------+-----+--------+

Top non-repeatable levels by time:
     D:1: 757 daAuts
     D:2: 257 daAuts
